Map: Port Aleksander LE

Players

hinO

  • Race: Zerg Zerg
  • Spawn Location: 5:00

SKillous - Winner!

  • Race: Protoss Protoss
  • Spawn Location: 11:00

Event: 2019 WCS Spring

VOD

Have the link to the VOD?

Description

Time

  • Played on: May 17, 2019, 6:31 a.m.
  • Length: 13:53

All games in this series

Show
View Real Time Build Order
Export as new Build Order

hinO Zerg 

Build Orders: Hatch First, Swarm Host 

Get SALT Encoding   

  12  0:00  Drone  
  13  0:13  Overlord  
  13  0:18  Drone  
  14  0:31  Drone x2  
  16  0:49  Hatchery  
  15  0:54  Drone  
  15  0:57  Drone  
  17  1:02  Drone  
  18  1:10  Extractor  
  17  1:17  Spawning Pool  
  16  1:20  Drone  
  16  1:23  Drone  
  18  1:28  Drone  
  19  1:50  Hatchery  
  18  1:54  Drone  
  18  1:57  Drone  
  20  2:02  Drone  
  20  2:04  Drone  
  22  2:12  Drone  
  22  2:15  Metabolic Boost  
  23  2:19  Zergling x2  
  24  2:24  Zergling x2  
  25  2:30  Queen  
  25  2:35  Overlord  
  27  2:40  Drone  
  28  2:53  Queen, Drone  
  28  2:54  Drone x2  
  28  2:58  Drone x2  
  35  3:04  Queen  
  36  3:12  Drone x3  
  39  3:17  Overlord  
  39  3:19  Drone x2  
  41  3:28  Zergling x2  
  41  3:39  Spore Crawler  
  41  3:40  Zergling x4  
  40  3:43  Drone x5  
  40  3:47  Spore Crawler  
  43  3:48  Spore Crawler  
  43  3:49  Drone x2  
  43  3:53  Drone  
  45  3:56  Drone x2  
  45  4:02  Drone x3  
  49  4:11  Drone  
  49  4:14  Overlord x2  
  50  4:21  Overlord  
  50  4:22  Roach Warren  
  49  4:29  Extractor  
  49  4:30  Overlord  
  48  4:31  Drone x2  
  48  4:32  Drone x2  
  48  4:35  Lair  
  48  4:36  Drone  
  53  4:43  Drone x3  
  53  4:47  Extractor, Drone x3  
  53  4:50  Drone x2  
  57  4:53  Zergling x2  
  57  4:59  Evolution Chamber  
  56  5:00  Zergling x4  
  56  5:01  Zergling x4  
  56  5:06  Roach x2  
  64  5:12  Overlord  
  64  5:14  Extractor  
  63  5:15  Drone x4  
  63  5:18  Drone x2  
  69  5:21  Overlord  
  69  5:23  Drone  
  69  5:28  Drone x3  
  73  5:32  Glial Reconstitution  
  73  5:34  Drone x2  
  73  5:35  Drone  
  76  5:40  Drone x3  
  76  5:41  Drone  
  80  5:43  Overlord  
  80  5:47  Drone x2  
  80  5:49  Drone  
  81  5:51  Overlord  
  81  5:53  Roach  
  81  5:55  Overseer  
  83  5:57  Overlord  
  83  6:01  Drone x2  
  83  6:02  Roach, Extractor  
  83  6:03  Roach  
  88  6:06  Overlord  
  88  6:10  Roach x2  
  92  6:12  Zerg Missile Weapons Level 1  
  92  6:16  Roach x2  
  92  6:17  Roach  
  96  6:21  Roach x2  
  96  6:23  Drone x2  
  99  6:27  Roach x2  
  99  6:31  Overlord  
  103  6:33  Ravager x4  
  103  6:34  Ravager  
  103  6:37  Roach x2  
  103  6:38  Roach  
  115  6:40  Zergling x2  
  115  6:43  Overlord  
  115  6:44  Overlord  
  115  6:48  Roach  
  115  6:49  Roach  
  115  6:50  Roach  
  115  6:51  Zergling x2  
  122  6:55  Overlord x2  
  122  7:02  Roach  
  122  7:03  Roach x3  
  122  7:07  Roach x2  
  124  7:20  Roach x4  
  121  7:22  Drone  
  121  7:23  Drone x4  
  121  7:26  Infestation Pit, Extractor  
  121  7:27  Ravager x2  
  125  7:32  Drone x4  
  129  7:39  Overlord  
  129  7:43  Drone  
  130  7:44  Drone  
  130  7:47  Evolution Chamber  
  130  7:56  Overlord  
  130  8:03  Hatchery  
  125  8:08  Swarm Host x9  
  125  8:11  Overlord x2  
  152  8:14  Swarm Host  
  155  8:20  Swarm Host  
  155  8:22  Zergling x6  
  155  8:23  Zergling x4  
  155  8:24  Swarm Host  
  166  8:27  Roach, Zergling x2  
  169  8:37  Swarm Host x2  
  169  8:38  Swarm Host  
  169  8:48  Swarm Host  
  169  8:50  Roach  
  169  8:51  Roach x5  
  176  9:03  Zerg Missile Weapons Level 2  
  176  9:04  Roach  
  176  9:05  Roach  
  177  9:14  Roach x5  
  185  9:17  Zergling x4  
  183  9:24  Overlord x2  
  183  9:25  Overlord  
  173  9:40  Roach x5  
  171  9:49  Roach x4, Zergling x2  
  171  9:52  Ravager x3  
  155  10:00  Roach x2, Zergling x2  
  160  10:11  Roach  
  160  10:12  Roach x4  
  170  10:18  Roach  
  172  10:23  Overseer  
  172  10:24  Overseer  
  172  10:26  Roach x3  
  160  10:37  Roach  
  160  10:38  Roach x3  
  163  10:50  Roach x4  
  159  10:59  Roach x3  
  145  11:06  Roach x2, Zergling x2  
  145  11:09  Zergling x2  
  133  11:12  Ravager  
  133  11:17  Roach x2  
  130  11:21  Zergling x6  
  111  11:36  Roach x3  
  115  11:44  Ravager x10  
  125  11:54  Zergling x8  
  125  11:55  Zergling x2  
  128  12:02  Zergling x4  
  128  12:07  Zergling x4  
  123  12:14  Zergling x6  
  96  13:05  Extractor  
  95  13:15  Extractor  
  92  13:23  Extractor  
Show
View Real Time Build Order
Export as new Build Order

SKillous Protoss - Winner!

Build Orders: 1 Gate Expand, Oracle Opening 

Get SALT Encoding   

  12  0:00  Probe  
  13  0:12  Probe  
  14  0:20  Pylon  
  14  0:25  Probe  
  15  0:34  Probe  
  15  0:40  Gateway  
  15  0:42  Probe  
  16  0:48  Assimilator  
  17  0:52  Probe  
  18  1:04  Probe  
  19  1:16  Probe  
  20  1:27  Nexus  
  20  1:40  Probe  
  20  1:41  Cybernetics Core  
  21  1:48  Assimilator  
  21  1:52  Probe  
  22  1:57  Pylon  
  22  2:05  Probe  
  22  2:07  Adept  
  23  2:17  Probe  
  23  2:21  Stargate  
  26  2:27  Adept  
  26  2:28  Warp Gate  
  26  2:29  Probe  
  27  2:35  Probe  
  27  2:41  Probe  
  27  2:44  Probe  
  32  2:53  Probe  
  32  2:54  Probe  
  32  2:57  Adept  
  36  3:01  Oracle  
  36  3:05  Probe  
  37  3:06  Probe  
  41  3:16  Pylon  
  41  3:17  Probe  
  41  3:19  Probe  
  43  3:29  Probe  
  43  3:31  Probe  
  43  3:32  Oracle  
  43  3:41  Probe  
  43  3:43  Probe  
  46  3:48  Gateway  
  46  3:52  Assimilator  
  46  3:53  Probe  
  46  3:54  Assimilator  
  46  3:55  Probe  
  48  3:56  Pylon  
  48  3:59  Robotics Facility  
  48  4:06  Probe  
  48  4:07  Phoenix, Probe  
  52  4:18  Probe  
  52  4:19  Probe  
  52  4:20  Pylon  
  54  4:26  Adept  
  56  4:31  Forge  
  56  4:32  Twilight Council  
  56  4:33  Probe, Pylon  
  57  4:44  Observer  
  57  4:48  Zealot  
  60  4:57  Adept  
  60  4:59  Probe  
  63  5:02  Immortal  
  63  5:03  Pylon  
  63  5:11  Blink  
  67  5:17  Nexus  
  67  5:19  Pylon  
  67  5:24  Protoss Ground Weapons Level 1  
  67  5:27  Sentry, Adept  
  67  5:28  Probe x2  
  73  5:37  Immortal  
  73  5:40  Probe x2  
  79  5:52  Probe x2  
  79  5:56  Sentry x2, Gateway  
  85  5:57  Gateway  
  85  6:00  Probe  
  85  6:04  Probe  
  85  6:06  Pylon  
  85  6:08  Probe  
  85  6:11  Gateway  
  87  6:13  Immortal  
  87  6:16  Probe  
  89  6:20  Probe  
  89  6:23  Sentry x2  
  95  6:31  Probe  
  95  6:32  Probe x2  
  98  6:35  Pylon  
  98  6:44  Warp Prism  
  98  6:45  Gateway  
  98  6:50  Gateway  
  98  6:54  Stalker x2  
  102  6:59  Stalker x2  
  108  7:07  Stalker  
  110  7:13  Protoss Ground Weapons Level 2  
  108  7:17  Observer, Stalker x2  
  108  7:21  Probe x2  
  106  7:23  Assimilator  
  106  7:29  Stalker x2  
  111  7:35  Gateway  
  111  7:36  Gateway  
  108  7:37  Pylon  
  108  7:43  Stalker x4  
  116  7:45  Probe  
  117  7:55  Stalker x3  
  117  7:56  Probe x2  
  117  7:57  Probe  
  117  7:58  Assimilator  
  126  8:02  Warp Prism  
  126  8:09  Robotics Bay  
  126  8:15  Stalker x3  
  126  8:19  Pylon  
  132  8:22  Pylon  
  132  8:32  Pylon  
  132  8:36  Photon Cannon  
  132  8:38  Warp Prism  
  132  8:45  Stalker x7  
  144  8:53  Charge, Templar Archives  
  142  9:09  Probe  
  139  9:21  Zealot x3  
  139  9:22  Zealot x3  
  151  9:24  Nexus  
  151  9:27  Pylon  
  151  9:31  Probe  
  152  9:34  Adept  
  152  9:35  Adept x2  
  155  9:43  Stalker x2  
  152  9:51  Protoss Ground Weapons Level 3, Pylon  
  152  9:52  Pylon  
  140  9:53  Pylon  
  138  10:03  Psionic Storm  
  137  10:09  Stalker x4  
  142  10:15  Nexus, Probe  
  142  10:17  Pylon  
  142  10:19  Probe  
  140  10:21  Probe  
  140  10:24  High Templar x4  
  145  10:49  Stalker  
  141  10:50  Stalker x4  
  141  10:51  Probe  
  114  11:11  Stalker x4  
  114  11:15  Zealot x5  
  114  11:17  Probe  
  131  11:18  Probe  
  131  11:24  Probe  
  133  11:26  Probe x2  
  133  11:28  Probe  
  123  11:42  Stalker x6  
  123  11:46  High Templar  
  134  11:47  Assimilator  
  134  11:50  Assimilator  
  138  11:54  Pylon  
  138  11:55  High Templar x2  
  138  12:07  Zealot x6  
  150  12:09  Void Ray  
  130  12:35  High Templar x4  
  138  12:38  Void Ray  
  129  12:47  High Templar  
  129  12:48  High Templar  
  117  13:29  Zealot x5  
  94  13:49  Archon  
  94  13:50  Archon x3  
Tags
 
Add a new tag
Caveats
  • Supply blocks, unpowered buildings, or Contaminate may cause inaccurate times.
  • Supply counts are checked every 10 seconds.